AoeStats
← MattAtArms

Arabia

504757291Analyzed
1v1 RM · 27d ago on Sep 6, 2026· 28m 20s· 2 players
Game mode
Random Map
Map size
Tiny (2 player)
Population
200
Speed
Normal
Resources
Standard
Victory
Conquest
Starting age
Dark Age
Ending age
Imperial Age
RankedLock teamsTeams togetherTeam positionsShared explorationLock speedFull tech treeHidden civsTurbo modeCheats
Victory
Defeat
🇬🇧 Dravidians · United Kingdom
1911
+14
🇩🇪 Magyars · Germany
1866
-14
manteldon
6:24 Loom
9:16 Feudal Age
17:23 Padded Archer Armor
17:35 Fletching
17:29 Horse Collar
18:38 Double-Bit Axe
24:00 Castle Age
24:04 Elite Skirmisher
25:04 Leather Archer Armor
24:45 Bodkin Arrow
26:31 Ballistics
28:38 Wheelbarrow
MattAtArms
5:58 Loom
9:17 Feudal Age
9:20 Man-at-Arms
9:47 Double-Bit Axe
16:54 Fletching
21:51 Castle Age
20:21 Horse Collar
20:52 Padded Archer Armor
21:00 Gold Mining
21:54 Crossbowman
22:32 Bodkin Arrow
24:10 Bow Saw
24:21 Ballistics
27:46 Wheelbarrow
Connection lost

Rejoining the realm…

Still unreachable

The connection could not be restored.

Session expired

The server has moved on; the page needs a fresh start.